 Dungeon Crawl Stone Soup version 0.21.1-1-g345015f (webtiles) character file.

2618 sking99 the Grappler (level 9, -2/92 HPs)
             Began as a Troll Monk on July 1, 2018.
             Slain by Erica
             ... wielding a +0 scimitar of flaming
              (5 damage)
             ... on level 8 of the Dungeon.
             The game lasted 00:15:23 (6822 turns).

sking99 the Grappler (Troll Monk)                   Turns: 6822, Time: 00:15:26

Health: -2/92      AC:  6    Str: 27    XL:     9   Next: 34%
Magic:  8/8        EV: 10    Int:  6    God:
Gold:   443        SH:  0    Dex: 14    Spells: 8/8 levels left

rFire    . . .     SeeInvis .     - Unarmed
rCold    . . .     Gourm    +   (no shield)
rNeg     . . .     Faith    .   a - +0 robe
rPois    .         Spirit   .   (helmet restricted)
rElec    .         Reflect  .   u - +0 cloak {+Inv}
rCorr    .         Harm     .   (gloves unavailable)
MR       .....                  (boots unavailable)
Stlth    ++........             (no amulet)
HPRegen  0.65/turn              (no ring)
MPRegen  0.11/turn              (no ring)

@: mighty, lethally poisoned (-2 -> -4), slowed, very slow
A: large, unfitting armour, claws 3, fast metabolism 3, gourmand, regeneration
1, shaggy fur 1, tough skin 2
a: Evoke Invisibility


You were on level 8 of the Dungeon.
You were full.

You visited 2 branches of the dungeon, and saw 9 of its levels.

You collected 443 gold pieces.

Inventory:

Missiles
 l - 218 stones (quivered)
Armour
 a - a +0 robe (worn)
 u - a +0 cloak of invisibility (worn)
Jewellery
 g - an uncursed ring of teleportation
 r - an uncursed ring of ice
Wands
 c - a wand of digging (8)
 v - a wand of acid (3)
Scrolls
 h - 3 scrolls of enchant armour
 i - 2 scrolls of blinking
 m - 2 scrolls of enchant weapon
 n - 2 scrolls of teleportation
 s - a scroll of remove curse
Potions
 e - a potion of invisibility {unknown}
 f - a potion of haste
 j - 3 potions of mutation
 k - 2 potions of agility
 o - 2 potions of flight
 p - 2 potions of heal wounds {unknown}
 q - 2 potions of curing {unknown}
 t - a potion of might
Books
 d - a book of Frost

   Spells                             Type                      Level
   a - Freeze                         Ice                          1
   b - Throw Frost                    Conjuration/Ice              2
   c - Ozocubu's Armour               Charms/Ice                   3
   d - Throw Icicle                   Conjuration/Ice              4
   e - Summon Ice Beast               Ice/Summoning                4
Comestibles
 b - 13 rations


   Skills:
 + Level 6.6 Fighting
 - Level 2.4 Dodging
 - Level 1.0 Stealth
 * Level 10.8 Unarmed Combat


You had 8 spell levels left.
You didn't know any spells.

Dungeon Overview and Level Annotations

Branches:
Dungeon (8/15)             Temple (1/1) D:7
   Lair: D:8-11

Altars:
Cheibriados
Dithmenos
Elyvilon
Fedhas
Gozag
Hepliaklqana
Kikubaaqudgha
Makhleb
Nemelex Xobeh
Okawaru
Qazlal
Ru
Sif Muna
Trog
Uskayaw
Vehumet
Wu Jian
Xom
Yredelemnul
Zin
The Shining One

Annotations:
D:5 Prince Ribbit
D:6 sking99's ghost, novice HOMo
D:8 Erica


Innate Abilities, Weirdness & Mutations

You are too large for most types of armour.
You have claws for hands.
Your metabolism is lightning-fast.
You like to eat raw meat.
Your natural rate of healing is unusually fast.
You are covered in fur. (AC +1)
You have very tough skin. (AC +2)


Message History

Erica flickers and vanishes!
Deactivating autopickup; reactivate with Ctrl-A.
You barely miss something.
You hear some strange, mumbled words.
A bolt of poison appears from out of thin air!
The bolt of poison hits you!
You are poisoned.
You scratch something but do no damage.
You feel sick. Something hits you! Something burns you.
You scratch something.
You feel sick. Something hits you!
* * * LOW HITPOINT WARNING * * *
Something burns you.
* * * LOW HITPOINT WARNING * * *
You feel very mighty all of a sudden.
You feel sick. Something hits you!
* * * LOW HITPOINT WARNING * * *
Something burns you.
* * * LOW HITPOINT WARNING * * *
Something hits you.
You die...

##### #...# #...#
####...##.# ##
#..@{.....## ..
#........... #.
#$........## #.
#.##...#### #.
#.##...#
######.####.##...#
.......))....##.##
######.####..# .#
#.####..##.####


There were no monsters in sight!

Vanquished Creatures
  Joseph (D:7)
  Sigmund (D:5)
  An orc warrior (D:7)
  2 ice beasts
  A necrophage (D:6)
  2 sky beasts
  An ogre (D:7)
  A bullfrog (D:7)
  A water moccasin zombie (D:6)
  A scorpion (D:5)
  5 killer bees (D:7)
  5 wights (D:7)
  A howler monkey (D:5)
  3 crimson imps
  2 bullfrog zombies
  3 centaur zombies
  3 orc priests
  Crazy Yiuf (D:7)
  3 orc wizards
  An iguana (D:5)
  Natasha (twice) (D:4)
  4 worker ants
  2 worker ant zombies
  6 adders
  A shadow imp (D:5)
  2 adder zombies
  An adder skeleton (D:6)
  4 worms
  A dart slug (D:1)
  7 leopard geckos
  29 orcs
  6 bats
  3 giant cockroaches
  2 gnoll zombies (D:6)
  5 goblins
  6 hobgoblins
  5 jackals
  5 kobolds
  4 quokkas
  3 ball pythons
  A jackal zombie (D:1)
  6 rats
  A fungus (D:7)
145 creatures vanquished.

Notes
Turn   | Place    | Note
-------+----------+-------------------------------------------
     0 | D:1      | sking99 the Troll Monk began the quest for the Orb.
     0 | D:1      | Reached XP level 1. HP: 22/22 MP: 0/0
    62 | D:1      | Reached XP level 2. HP: 28/29 MP: 1/1
   769 | D:2      | Reached XP level 3. HP: 36/36 MP: 2/2
   851 | D:2      | Reached skill level 4 in Unarmed Combat
  1400 | D:3      | Reached XP level 4. HP: 45/45 MP: 3/3
  1730 | D:3      | Reached skill level 5 in Unarmed Combat
  1730 | D:3      | Reached XP level 5. HP: 42/53 MP: 4/4
  1869 | D:3      | Found a sparkling altar of Nemelex Xobeh.
  2441 | D:4      | Noticed Natasha
  2448 | D:4      | Killed Natasha
  2767 | D:4      | Noticed Natasha
  2792 | D:4      | Killed Natasha
  2792 | D:4      | Reached XP level 6. HP: 43/62 MP: 5/5
  3183 | D:5      | Entered Level 5 of the Dungeon
  3199 | D:5      | Reached skill level 6 in Unarmed Combat
  3431 | D:5      | Noticed Sigmund
  3440 | D:5      | Killed Sigmund
  3440 | D:5      | Reached skill level 7 in Unarmed Combat
  3440 | D:5      | Reached XP level 7. HP: 68/71 MP: 6/6
  3998 | D:6      | Found a shimmering altar of Xom.
  4000 | D:6      | Found an ancient bone altar of Kikubaaqudgha.
  4000 | D:6      | Found a basalt altar of Yredelemnul.
  4001 | D:6      | Noticed Prince Ribbit
  4002 | D:6      | Found a hazy altar of Hepliaklqana.
  4002 | D:6      | Found a radiant altar of Vehumet.
  4002 | D:6      | Found a stormy altar of Qazlal.
  4196 | D:6      | Found a bloodstained altar of Trog.
  4201 | D:6      | Reached skill level 8 in Unarmed Combat
  4202 | D:6      | Reached skill level 5 in Fighting
  4267 | D:6      | Reached XP level 8. HP: 77/80 MP: 7/7
  4512 | D:6      | Found a basalt altar of Yredelemnul.
  4786 | D:6      | Noticed sking99's ghost (novice HOMo)
  5360 | D:7      | Reached skill level 9 in Unarmed Combat
  5886 | D:7      | Reached skill level 10 in Unarmed Combat
  5926 | D:7      | Found a staircase to the Ecumenical Temple.
  5933 | D:7      | Reached XP level 9. HP: 87/89 MP: 8/8
  5940 | D:7      | Noticed Joseph
  5948 | Temple   | Entered the Ecumenical Temple
  6104 | D:7      | Killed Joseph
  6719 | D:7      | Found a runed door.
  6723 | D:7      | Noticed Crazy Yiuf
  6730 | D:7      | Killed Crazy Yiuf
  6804 | D:8      | Noticed Erica
  6822 | D:8      | HP: 4/92 [something (8)]
  6822 | D:8      | Slain by Erica

Skill      XL: |  1  2  3  4  5  6  7  8 |
---------------+-------------------------+-----
Unarmed Combat | 4 5 7 8 10 | 10.8
Fighting       | 3 4 5 6 |  6.6
Dodging        | |  2.4
Stealth        | |  1.0

Action                   |  1- 3 |  4- 6 |  7- 9 || total
-------------------------+-------+-------+-------++-------
Melee: Unarmed           |   104 |   122 |   238 ||   464
       Punch             |     4 |     2 |    11 ||    17
Throw: Stone             |    10 |     3 |     2 ||    15
  Use: Scroll            |       |    13 |     6 ||    19
       Potion            |       |       |     3 ||     3
 Stab: Sleeping          |     1 |     2 |       ||     3
  Eat: Chunk             |    18 |    19 |    28 ||    65
Armor: Robe              |    47 |    24 |    41 ||   112
Dodge: Dodged            |    61 |    57 |    76 ||   194
